AoeStats
← Dodô Pressão

Hill Fort

504568356Analyzed
3v3 RM · 27d ago on Sep 5, 2026· 33m 50s· 6 players
Game mode
Random Map
Map size
Normal (6 player)
Population
200
Speed
Normal
Resources
Standard
Victory
Conquest
Starting age
Dark Age
Ending age
Imperial Age
RankedLock teamsTeams togetherTeam positionsShared explorationLock speedFull tech treeHidden civsTurbo modeCheats
Victory
Defeat
🇧🇷 Tatars · Brazil
576
+13
🇹🇷 Aztecs · Türkiye
547
+14
🇹🇷 Spanish · Türkiye
494
+15
🇬🇷 Bohemians · Greece
521
-15
🇬🇷 Britons · Greece
505
-14
🇬🇷 Britons · Greece
480
-13
akantonio
13:42 Feudal Age
18:23 Castle Age
27:26 Horse Collar
28:45 Double-Bit Axe
29:02 Heavy Plow
DeBill
0:33 Loom
15:14 Feudal Age
16:03 Double-Bit Axe
17:29 Horse Collar
18:19 Gold Mining
23:16 Castle Age
21:14 Stone Mining
23:37 Padded Archer Armor
25:26 Leather Archer Armor
26:38 Bow Saw
26:34 Heavy Plow
29:42 Gold Shaft Mining
29:15 Town Watch
35:53 Imperial Age
MAKOULIS TAKHS
13:02 Feudal Age
14:10 Double-Bit Axe
14:21 Horse Collar
15:56 Stone Mining
16:02 Gold Mining
22:35 Castle Age
21:28 Man-at-Arms
22:47 Padded Archer Armor
22:43 Pikeman
27:33 Caravan
28:30 Bow Saw
28:22 Heavy Plow
BozKURT
12:17 Feudal Age
14:58 Arson
15:25 Horse Collar
18:08 Scale Mail Armor
19:57 Wheelbarrow
20:44 Gold Mining
21:10 Horse Collar
24:31 Castle Age
22:39 Double-Bit Axe
22:31 Man-at-Arms
25:12 Gambesons
25:27 Squires
26:15 Bow Saw
26:01 Fletching
29:04 Stone Mining
29:32 Pikeman
33:23 Forging
Sugarspoon
13:45 Feudal Age
16:15 Double-Bit Axe
27:45 Castle Age
29:06 Wheelbarrow
31:52 Bow Saw
Dodô Pressão
13:56 Feudal Age
19:27 Castle Age
21:01 Gold Mining
21:02 Stone Mining
20:59 Double-Bit Axe
24:45 Wheelbarrow
27:20 Hand Cart
28:18 Gold Shaft Mining
Connection lost

Rejoining the realm…

Still unreachable

The connection could not be restored.

Session expired

The server has moved on; the page needs a fresh start.